 Dungeon Crawl Stone Soup version 0.21.0-25-ge575cb9 (webtiles) character file.

6 Monsterracer the Slasher (level 1, 19/19 HPs)
             Began as a Minotaur Monk on Jan 24, 2018.
             Quit the game on level 1 of the Dungeon.
             The game lasted 00:00:33 (233 turns).

Monsterracer the Slasher (Minotaur Monk)             Turns: 233, Time: 00:00:34

Health: 19/19      AC:  2    Str: 15    XL:     1   Next: 75%
Magic:  0/0        EV: 13    Int:  7    God:
Gold:   18         SH:  0    Dex: 12    Spells: 0/0 levels left

rFire    . . .     SeeInvis .   a - +0 falchion
rCold    . . .     Gourm    .   (no shield)
rNeg     . . .     Faith    .   b - +0 robe
rPois    .         Spirit   .   (helmet restricted)
rElec    .         Reflect  .   (no cloak)
rCorr    .         Harm     .   (no gloves)
MR       .....                  (no boots)
Stlth    ++........             (no amulet)
HPRegen  0.06/turn              (no ring)
MPRegen  0.07/turn              (no ring)

@: no status effects
A: retaliatory headbutt, horns 2
a: no special abilities


You were on level 1 of the Dungeon.
You were not hungry.

You visited 1 branch of the dungeon, and saw 1 of its levels.

You collected 18 gold pieces.

Inventory:

Hand Weapons
 a - a +0 falchion (weapon)
Armour
 b - a +0 robe (worn)
Scrolls
 d - a scroll of teleportation {unknown}
 e - a scroll of fear {unknown}
 f - a scroll of magic mapping {unknown}
Comestibles
 c - 3 rations


   Skills:
 - Level 3.6 Fighting
 * Level 4.0 Long Blades
 + Level 3.4 Dodging
 - Level 1.5 Stealth


You couldn't memorise any spells.
You didn't know any spells.

Dungeon Overview and Level Annotations

Branches:
Dungeon (1/15)

Altars:


Innate Abilities, Weirdness & Mutations

You reflexively headbutt those who attack you in melee.
You have a pair of horns on your head.


Message History

Welcome, Monsterracer the Minotaur Monk.
The bosom of this dungeon contains the fabled artefact, the Orb of Zot.
Press ? for a list of commands and other information.
Found a staircase leading out of the dungeon.
c - 2 rations (gained 1)
c - 3 rations (gained 1)
A bat comes into view.
A bat is nearby!
The bat closely misses you. You furiously retaliate!
You headbutt the bat.
You kill the bat!
d - a scroll labeled BEONOAMN SEVUUL You now have 18 gold pieces.
Found 20 bolts.
You see here 20 bolts.
A bat comes into view.
The bat hits you but does no damage.
A bat is nearby!
A bat is nearby!
The bat closely misses you.
You riposte.
You hit the bat but do no damage. The bat hits you but does no damage.
The bat hits you but does no damage. The bat closely misses you.
You riposte.
You closely miss the bat. The bat barely misses you.
You riposte.
You hit the bat.
You kill the bat!
Found a dagger.
You see here a dagger.
A frilled lizard comes into view.
Found a robe.
A frilled lizard is nearby!
The frilled lizard hisses angrily.
The frilled lizard completely misses you.
The frilled lizard bites you but does no damage.
The frilled lizard barely misses you.
You riposte.
You miss the frilled lizard. The frilled lizard closely misses you.
You riposte.
You hit the frilled lizard.
You kill the frilled lizard!
A rat comes into view.
Found a scroll labeled DUQ ANENOEKH.
A rat is nearby!
A rat is nearby!
The rat twitches its whiskers.
The rat barely misses you. You furiously retaliate!
You headbutt the rat, but do no damage. The rat barely misses you.
A rat is nearby!
The rat closely misses you. The rat misses you. You furiously retaliate!
You headbutt the rat!
You kill the rat!
A giant cockroach comes into view.
You see here a scroll labeled DUQ ANENOEKH.
A giant cockroach is nearby!
e - a scroll labeled DUQ ANENOEKH The giant cockroach bites you.
You take 1 damage, and have 18/19 hp.
The giant cockroach misses you. You furiously retaliate!
You headbutt the giant cockroach.
You kill the giant cockroach!
HP restored.
A giant cockroach comes into view.
Health restored: 19 A giant cockroach is nearby!
A giant cockroach is nearby!
The giant cockroach bites you but does no damage.
The giant cockroach barely misses you. You furiously retaliate!
You headbutt the giant cockroach. The giant cockroach bites you.
You take 1 damage, and have 18/19 hp.
The giant cockroach closely misses you. The giant cockroach bites you.
You take 1 damage, and have 17/19 hp.
A giant cockroach is nearby!
The giant cockroach bites you but does no damage.
The giant cockroach closely misses you. The giant cockroach barely misses you.
The giant cockroach bites you.
You take 1 damage, and have 16/19 hp.
The giant cockroach barely misses you. You furiously retaliate!
You headbutt the giant cockroach!
You kill the giant cockroach!
Your Long Blades skill increases to level 4!
f - a scroll labeled RYHOWULEKI Health restored: 19 A frilled lizard comes into view.
A frilled lizard is nearby!
The frilled lizard hisses angrily.
You hit the frilled lizard.
You kill the frilled lizard!
Are you sure you want to abandon this character and quit the game? (Confirm with "yes".)

.# .# .# # .#
#####. .#
......##.###
#.##.......# #
...#.##@##.##.#
......#...#....#
...........#
##.##........#.#
#......##...##.#
#.##...##......#
#.#........##..#
##...........#..#
#
#..#...#........#
.


There were no monsters in sight!

Vanquished Creatures
  2 giant cockroaches (D:1)
  2 bats (D:1)
  2 frilled lizards (D:1)
  A rat (D:1)
7 creatures vanquished.

Notes
Turn   | Place    | Note
-------+----------+-------------------------------------------
     0 | D:1      | Monsterracer the Minotaur Monk began the quest for the Orb.
     0 | D:1      | Reached XP level 1. HP: 19/19 MP: 0/0
   180 | D:1      | Reached skill level 4 in Long Blades
   233 | D:1      | Quit the game

Skill      XL: |  1 |
---------------+----+-----
Long Blades    | 4 |  4.0
Fighting       | |  3.6
Dodging        | |  3.4
Stealth        | |  1.5

Action                   || total
-------------------------++-------
Melee: Falchion          ||     1
Armor: Robe              ||     6
Dodge: Dodged            ||    17
       Rpst.: Falchion   ||     5

Vault maps used:
D:1:      matt_arrival_spirals, serial_forest, infiniplex_forest_clump_curved,
          infiniplex_forest_zigzag_1, infiniplex_forest_corner_1,
          infiniplex_forest_corner_1, infiniplex_forest_clump_large,
          hangedman_decor_clover_reticule, grunt_decor_fettered, minmay_cupped
